 Dungeon Crawl Stone Soup version 0.27.1-35-g4d5d836560 (console) character file.

Game seed: 2418805342768893231

82306 Banquo the Severer (level 16, -10/129 HPs)
             Began as a Formicid Fighter on Mar 13, 2022.
             Was the Champion of Wu Jian.
             Mangled by an ettin (20 damage)
             ... on level 1 of the Orcish Mines on Mar 15, 2022.
             The game lasted 02:04:03 (26321 turns).

Banquo the Severer (Formicid Fighter)              Turns: 26321, Time: 02:04:04

Health: -10/129    AC: 28    Str: 26    XL:     16   Next: 20%
Magic:  14/14      EV: 11    Int:  6    God:    Wu Jian [******]
Gold:   1919       SH: 21    Dex: 10    Spells: 15/15 levels left

rFire    + . .     SeeInvis +   a - +0 battleaxe (venom)
rCold    + . .     Faith    .   i - +0 tower shield
rNeg     . . .     Spirit   .   d - +1 crystal plate armour {rC+}
rPois    .         Reflect  .   (helmet unavailable)
rElec    .         Harm     .   e - +1 cloak
rCorr    .         Rampage  .   g - +0 pair of gloves
Will     +....                  f - +0 pair of boots
Stlth    ..........             P - amulet of the acrobat
HPRegen  0.31/turn              F - ring of protection from fire
MPRegen  0.14/turn              V - +4 ring of evasion

@: unable to read, studying Ice Magic, silenced
A: permanent stasis, dig shafts and tunnels, antennae 3, four strong arms, dopey
1, low mp 1, weak 1, inability to read while threatened
a: Dig, Shaft Self, Renounce Religion, Wall Jump


You were on level 1 of the Orcish Mines.
You worshipped Wu Jian.
Wu Jian was exalted by your worship.
You visited 3 branches of the dungeon, and saw 21 of its levels.
You also visited: Gauntlet and Ice Cave.

You collected 2403 gold pieces.
You spent 484 gold pieces at shops.

Inventory:

Hand Weapons
 a - a +0 battleaxe of venom (weapon)
 b - a +3 spear of freezing
 c - a +2 hand axe of flaming
 h - a +0 vampiric hand axe
 v - a +1 war axe of electrocution
 O - a +3 battleaxe
Missiles
 k - a throwing net
 y - 45 boomerangs (quivered)
Armour
 d - a +1 crystal plate armour of cold resistance (worn)
 e - a +1 cloak (worn)
 f - a +0 pair of boots (worn)
 g - a +0 pair of gloves (worn)
 i - a +0 tower shield (worn)
 L - a +0 kite shield of protection
 Q - a +3 plate armour of fire resistance
Jewellery
 C - a ring of protection from cold
 E - the ring of Sankeziw {Ice rPois}
   (You found it on level 5 of the Dungeon)

   [ring of ice]

   It enhances your ice magic.
   rF:        It makes you vulnerable to fire.
   rC:        It protects you from cold.
   rPois:     It protects you from poison.
 F - a ring of protection from fire (left hand)
 G - a ring of willpower
 P - an amulet of the acrobat (around neck)
 V - a +4 ring of evasion (right hand)
 Y - a ring of resist corrosion
Wands
 n - a wand of acid (24)
 u - a wand of digging (9)
 B - a wand of flame (125)
 I - a wand of iceblast (9)
 M - a wand of mindburst (27)
Scrolls
 l - a scroll of acquirement
 m - 8 scrolls of magic mapping
 r - 5 scrolls of identify
 s - 4 scrolls of fear
 x - a scroll of silence
 H - a scroll of holy word
 K - 3 scrolls of fog
Potions
 j - 6 potions of heal wounds
 o - 10 potions of curing
 p - 2 potions of might
 q - 3 potions of flight
 w - 3 potions of magic
 z - 2 potions of invisibility
 A - a potion of cancellation
 J - a potion of resistance
 N - a potion of ambrosia
Miscellaneous
 t - a condenser vane
 D - a box of beasts


   Skills:
 * Level 12.5 Fighting
 + Level 16.9 Axes
 * Level 11.9 Armour
 + Level 6.0 Dodging
 - Level 15.4 Shields


You had 15 spell levels left.
You didn't know any spells.
Your spell library contained the following spells:

 Spells                   Type           Power      Damage    Failure   Level
 Apportation              Tloc           0%         N/A       100%        1
 Foxfire                  Conj/Fire      0%         2x1d4     100%        1
 Ensorcelled Hibernation  Hex/Ice        0%         N/A       100%        2
 Static Discharge         Conj/Air       0%         N/A       100%        2
 Conjure Flame            Conj/Fire      0%         6-21      100%        3
 Frozen Ramparts          Ice            0%         1d2       100%        3
 Inner Flame              Hex/Fire       0%         N/A       100%        3
 Spider Form              Tmut/Pois      0%         N/A       100%        3
 Animate Dead             Necr           0%         N/A       100%        4
 Ice Form                 Ice/Tmut       0%         N/A       100%        4
 Summon Ice Beast         Ice/Summ       0%         N/A       100%        4
 Alistair's Intoxication  Tmut/Pois      0%         N/A       100%        5
 Lightning Bolt           Conj/Air       0%         1d11      100%        5
 Manifold Assault         Tloc           0%         N/A       100%        5
 Invisibility             Hex            0%         N/A       100%        6
 Shadow Creatures         Summ           N/A        N/A       100%        6
 Haunt                    Necr/Summ      0%         N/A       100%        7
 Storm Form               Tmut/Air       0%         N/A       100%        7
 Borgnjor's Revivificati  Necr           0%         N/A       100%        8
 Infestation              Necr           0%         N/A       100%        8
 Maxwell's Capacitive Co  Air            0%         ∞         100%        8
 Necromutation            Tmut/Necr      0%         N/A       100%        8
 Death's Door             Necr           0%         N/A       100%        9
 Blink                    Tloc           Unusable   N/A       N/A         2

Dungeon Overview and Level Annotations

Branches:
Dungeon (13/15)            Temple (0/1) D:5            Lair (6/6) D:8
  Swamp (0/4) Lair:2       Spider (0/4) Lair:4        Slime (0/5) Lair:6
    Orc (2/2) D:9             Elf (0/3) Orc:2         IceCv (visited)
Gauntlet (visited)
 Vaults: D:13-14

Altars:
Ashenzari
Dithmenos
Elyvilon
Gozag
Hepliaklqana
Kikubaaqudgha
Makhleb
Qazlal
Ru
Trog
Wu Jian
Xom
The Shining One
Jiyva

Shops:
D:9 *   Orc:2 [!?!

Annotations:
D:6 gold -- need levitation
Lair:1 1 runed translucent door, makewrite's ghost, journeyman MiMo
Lair:4 2 transporters, Banquo's ghost, journeyman FoFi
Orc:1 1 transporter, 1 runed translucent door


Innate Abilities, Weirdness & Mutations

You cannot be hasted, slowed, berserked, paralysed or teleported.
You can dig through walls and to a lower floor.
You have a pair of large antennae on your head. (SInv)
Your four strong arms can wield two-handed weapons with a shield.
You are dopey. (Int -2)
Your magical capacity is low. (-10% MP)
You are weak. (Str -2)
You sometimes lose the ability to read scrolls when taking damage.


Message History

You hit the deep troll but do no damage.
You slice the deep troll!!
The deep troll looks as sick as possible!
The deep troll is severely wounded.
You block the deep troll's attack. x2; The deep troll closely misses you.
You slash the deep troll!
The deep troll looks as sick as possible!
The deep troll is almost dead.
The deep troll bites you. You block the deep troll's attack. x2
Your crystal plate armour prevents you from hitting the deep troll.
The deep troll is almost dead.
You kill the deep troll!
The Council accepts your kill.
Unknown command.
Press: ? - help, v - describe, . - travel A translucent stone wall.
This square is shrouded in silence.
The moth of wrath goads the ettin on!
The ettin goes berserk!
You barely miss the ettin. You block the ettin's attack.
The ettin hits you with a +0 dire flail!!
Your crystal plate armour prevents you from hitting the ettin.
You block the ettin's attack.
The ettin hits you with a +0 dire flail!!
You feel threatened and lose the ability to read scrolls!
The ettin hits you with a +2 dire flail of holy wrath!!!
* * * LOW HITPOINT WARNING * * *
The ettin hits you with a +0 dire flail!!
* * * LOW HITPOINT WARNING * * *
Press: ? - help, v - describe, . - travel
Here: an ettin, wielding a +2 dire flail of holy wrath and a +0 dire flail (silenced, berserk)
The floor.
Unknown command.
Unknown command.
Okay, then.
Unknown command.
Unknown command.
Are you sure you want to shaft yourself?
You block the ettin's attack.
The ettin hits you with a +0 dire flail!!
You die...

.#.### { ..{ . #........ ####y#
⌠.. ...######.....#.. ##.####
...$ { ...#y#...........
#.....##...$$ ###++###...........
##....##..((:###...##............
.....©##C.$[_+W#!÷©##©...........
......##..(!) ##...##..........[.
......##...$$####''###...........
..##### ...$#y#@....#....#......
.#.#y# .⌠..###C..#######.#..)..
.##### {. .......## #......#.
...# { { .......## #.......# ...#
######### #.......# .#.#


eeeey#○ ##.....## ...# #### ## ##......# ...# #........
...######################.......# You could see an ettin (berserk), a deep elf
demonologist, 2 moths of wrath, a deep elf pyromancer and a deep elf
zephyrmancer.

Vanquished Creatures
  A cacodemon (Gauntlet)
  A reaper (IceCv)
  A minotaur (Gauntlet)
  3 boulder beetles
  3 hydras
  A centaur warrior (D:13)
  4 catoblepae
  12 death yaks
  A tengu warrior (D:13)
  2 two-headed ogres
  Urug (D:10)
  5 orc high priests
  Sonja (Lair:6)
  4 skeletal warriors (D:13)
  A deep troll (Orc:1)
  A deep elf pyromancer (D:13)
  A lindwurm (Lair:5)
  5 orc knights (Orc:2)
  9 orc sorcerers
  A deep elf zephyrmancer (D:13)
  A cyclops (D:12)
  3 manticores
  Maurice (D:11)
  A moth of wrath (Orc:1)
  25 elephants
  2 black mambas
  An ice statue (IceCv)
  2 gargoyles (D:12)
  11 cane toads
  6 unseen horrors
  6 komodo dragons
  5 kobold demonologists
  4 rime drakes
  2 entropy weaver simulacra (IceCv)
  2 minotaur zombies (Gauntlet)
  An ice devil (IceCv)
  2 anaconda simulacra (IceCv)
  5 jumping spiders (Lair:4)
  6 trolls
  2 hornets
  2 polar bears
  A raiju (Gauntlet)
  7 dream sheep (Lair:4)
  14 blink frogs
  Sigmund (D:4)
  A vampire (D:11)
  5 shadows
  4 redbacks (Lair:4)
  42 yaks
  3 wraiths
  2 basilisks
  2 wyverns
  2 steam dragons (Gauntlet)
  2 vampire mosquitoes (D:11)
  2 death yak simulacra (IceCv)
  Menkaure (D:5)
  2 acid dragons
  A warg (Orc:2)
  15 water moccasins
  An ice beast (D:5)
  A sky beast (D:7)
  22 orc warriors
  2 black bears
  A necrophage (D:4)
  9 ogres
  3 wolves (Lair:3)
  9 centaurs
  Blork the orc (D:4)
  4 kobold brigands
  3 gnoll sergeants
  7 bullfrogs
  2 scorpions (D:5)
  2 cane toad simulacra (IceCv)
  6 two-headed ogre simulacra (IceCv)
  A wyvern skeleton (D:7)
  A water moccasin skeleton (D:4)
  An elephant simulacrum (IceCv)
  8 killer bees
  An electric eel (Lair:3)
  16 wights
  2 howler monkeys
  2 centaur zombies
  3 hounds
  A bullfrog skeleton (D:6)
  A bullfrog zombie (D:5)
  A jelly (D:8)
  16 orc priests
  Ijyb (D:4)
  2 centaur skeletons (D:6)
  7 iguanas
  Natasha (thrice) (D:2)
  6 hell rats (Lair:4)
  22 orc wizards
  2 polar bear simulacra (IceCv)
  7 spriggan simulacra (IceCv)
  2 wolf simulacra (IceCv)
  8 troll simulacra (IceCv)
  A killer bee zombie (D:9)
  A hound skeleton (D:4)
  Robin (D:2)
  14 gnolls
  4 adders
  5 naga simulacra (IceCv)
  A shadow imp (D:6)
  8 white imps
  An ufetubus (IceCv)
  2 adder skeletons
  2 worms
  3 dart slugs
  51 orcs
  7 endoplasms
  4 giant cockroaches
  19 goblins
  16 hobgoblins
  17 kobolds
  9 quokkas
  8 ball pythons
  4 bats
  2 frilled lizards
  5 rats
627 creatures vanquished.

Vanquished Creatures (others)
  5 centaurs (D:13)
  A white imp (IceCv)
  A bush (Lair:6)
  14 demonic plants (Gauntlet)
  22 fungi
  48 plants
  21 withered plants (Gauntlet)
112 creatures vanquished.

Grand Total: 739 creatures vanquished

Notes
Turn   | Place    | Note
-------+----------+-------------------------------------------
     0 | D:1      | Banquo the Formicid Fighter began the quest for the Orb.
     0 | D:1      | Reached XP level 1. HP: 18/18 MP: 1/1
    78 | D:1      | Reached XP level 2. HP: 22/24 MP: 2/2
   328 | D:1      | Reached skill level 3 in Axes
   453 | D:1      | Reached XP level 3. HP: 27/29 MP: 3/3
   507 | D:1      | You fall into a shaft and drop 1 floor!
   568 | D:2      | Noticed Robin
   591 | D:2      | Killed Robin
   660 | D:2      | Reached skill level 4 in Axes
   660 | D:2      | Reached XP level 4. HP: 33/35 MP: 4/4
   925 | D:2      | Noticed Natasha
   938 | D:2      | Killed Natasha
  1299 | D:2      | Reached XP level 5. HP: 41/41 MP: 5/5
  1407 | D:2      | Noticed Natasha
  1436 | D:2      | Killed Natasha
  1437 | D:2      | Reached skill level 5 in Axes
  1543 | D:2      | Noticed Natasha
  1559 | D:2      | Killed Natasha
  1879 | D:3      | Found a hazy altar of Hepliaklqana.
  1942 | D:3      | Found an ornate altar of the Wu Jian Council.
  1956 | D:3      | Became a worshipper of the Wu Jian Council
  2077 | D:3      | Reached XP level 6. HP: 47/47 MP: 6/6
  2081 | D:3      | Reached skill level 6 in Axes
  2139 | D:3      | Found a white marble altar of Elyvilon.
  2283 | D:3      | Found a faded altar of an unknown god.
  2527 | D:4      | Noticed Sigmund
  2639 | D:4      | Reached * piety under Wu Jian
  2683 | D:4      | Noticed a necrophage
  2692 | D:4      | Killed a necrophage
  2713 | D:4      | Reached XP level 7. HP: 47/52 MP: 7/7
  2840 | D:4      | Reached skill level 7 in Axes
  2921 | D:4      | Reached skill level 1 in Dodging
  3055 | D:4      | Noticed Blork the orc
  3071 | D:4      | Killed Blork the orc
  3182 | D:4      | Found a stormy altar of Qazlal.
  3225 | D:4      | Killed Sigmund
  3226 | D:4      | Reached skill level 5 in Shields
  3226 | D:4      | Reached XP level 8. HP: 52/60 MP: 8/8
  3415 | D:4      | Noticed Ijyb
  3418 | D:4      | Killed Ijyb
  3697 | D:5      | Entered Level 5 of the Dungeon
  3725 | D:5      | Noticed Menkaure
  3794 | D:5      | Killed Menkaure
  3795 | D:5      | Reached skill level 8 in Axes
  3851 | D:5      | Identified the ring of Sankeziw {Ice rPois}
  3917 | D:5      | Reached ** piety under Wu Jian
  4151 | D:5      | Reached XP level 9. HP: 66/66 MP: 9/9
  4329 | D:5      | Found a large runed translucent door.
  4330 | D:5      | Found a large runed translucent door.
  4451 | D:5      | Reached skill level 9 in Axes
  4475 | D:5      | Found a staircase to the Ecumenical Temple.
  4555 | D:5      | Found a glowing golden altar of the Shining One.
  4564 | D:5      | Found a broken altar of Ashenzari.
  4654 | D:6      | Reached skill level 5 in Armour
  4714 | D:6      | Reached skill level 5 in Fighting
  4803 | D:6      | Found an opulent altar of Gozag.
  4939 | D:6      | Found a shadowy altar of Dithmenos.
  4985 | D:6      | Found an opulent altar of Gozag.
  4991 | D:6      | Found an opulent altar of Gozag.
  4998 | D:6      | Found an opulent altar of Gozag.
  5244 | D:6      | Found a bloodstained altar of Trog.
  5440 | D:7      | Noticed an unseen horror
  5443 | D:7      | Killed an unseen horror
  5562 | D:7      | Reached XP level 10. HP: 32/74 MP: 10/10
  5822 | D:7      | Identified the +9 dagger of Context {flame, rPois rN+ Str+4
                  | Int+2}
  5863 | D:7      | Reached *** piety under Wu Jian
  5864 | D:7      | Reached skill level 10 in Axes
  6163 | D:7      | Found a burning altar of Makhleb.
  6165 | D:7      | Noticed a green death
  6720 | D:8      | Found a staircase to the Lair.
  7410 | Lair:1   | Entered Level 1 of the Lair of Beasts
  7776 | Lair:1   | Noticed a komodo dragon
  7788 | Lair:1   | Killed a komodo dragon
  7821 | Lair:1   | Noticed a rime drake
  7827 | Lair:1   | Killed a rime drake
  7840 | Lair:1   | Noticed a cane toad
  7848 | Lair:1   | Killed a cane toad
  8190 | Lair:1   | Reached XP level 11. HP: 81/81 MP: 11/11
  8193 | Lair:1   | Found a runed translucent door.
  8194 | Lair:1   | Found a shimmering altar of Xom.
  8194 | Lair:1   | Noticed makewrite's ghost (journeyman MiMo)
  8194 | Lair:1   | Noticed a +1 hand axe of chaos
  8238 | Lair:1   | Reached skill level 11 in Axes
  8592 | Lair:2   | Noticed an elephant
  8593 | Lair:2   | Noticed an elephant
  8593 | Lair:2   | Noticed an elephant
  8594 | Lair:2   | Noticed an elephant
  8595 | Lair:2   | Noticed an elephant
  8702 | Lair:2   | Noticed a catoblepas
  8714 | Lair:2   | Killed a catoblepas
  8715 | Lair:2   | Reached skill level 10 in Shields
  8989 | Lair:2   | Found a staircase to the Swamp.
  9014 | Lair:2   | Reached **** piety under Wu Jian
  9043 | Lair:2   | Noticed an elephant
  9057 | Lair:2   | Killed an elephant
  9244 | Lair:2   | Noticed an elephant
  9259 | Lair:2   | Killed an elephant
  9260 | Lair:2   | Noticed an elephant
  9271 | Lair:2   | Killed an elephant
  9471 | Lair:2   | Found a staircase to the Swamp.
  9618 | Lair:2   | Killed an elephant
  9621 | Lair:2   | Killed an elephant
  9622 | Lair:2   | Reached skill level 5 in Dodging
  9623 | Lair:2   | Killed an elephant
  9624 | Lair:2   | Reached skill level 12 in Axes
  9624 | Lair:2   | Killed an elephant
  9624 | Lair:2   | Killed an elephant
  9625 | Lair:2   | Reached XP level 12. HP: 39/91 MP: 12/12
 11056 | Lair:4   | Found a transporter.
 11110 | Lair:4   | Found a frozen archway.
 11147 | IceCv    | Entered an ice cave
 11404 | IceCv    | Reached ***** piety under Wu Jian
 11585 | IceCv    | Identified the +4 hunting sling of Fimbulwinter {vorpal,
                  | rN+ Will+ Int+2}
 11585 | IceCv    | Noticed a reaper
 11603 | IceCv    | Killed a reaper
 12100 | IceCv    | Reached skill level 13 in Axes
 13074 | Lair:4   | Reached XP level 13. HP: 69/98 MP: 13/13
 13730 | Lair:4   | Found a hole to the Spider Nest.
 13983 | Lair:4   | Found a transporter.
 13995 | Lair:4   | Found a bloodstained altar of Trog.
 13996 | Lair:4   | Noticed Banquo's ghost (journeyman FoFi)
 14563 | Lair:5   | Found a sacrificial altar of Ru.
 14991 | Lair:5   | You fall into a shaft and drop 1 floor!
 14991 | Lair:6   | Entered Level 6 of the Lair of Beasts
 14996 | Lair:6   | Noticed a five-headed hydra
 15200 | Lair:5   | Reached skill level 14 in Axes
 15408 | Lair:6   | Noticed Sonja
 15657 | Lair:6   | Reached XP level 14. HP: 104/108 MP: 14/14
 15692 | Lair:6   | Killed Sonja
 15808 | Lair:6   | Reached ****** piety under Wu Jian
 15859 | Lair:6   | Identified the +6 falchion of Gath {holy, Will- Str+7}
 16417 | Lair:6   | Found a viscous altar of Jiyva.
 16417 | Lair:6   | Found a staircase to the Slime Pits.
 16610 | Lair:6   | Reached skill level 15 in Axes
 16800 | Lair:6   | Reached skill level 10 in Fighting
 16800 | Lair:6   | Reached skill level 10 in Armour
 17476 | Lair:6   | Reached skill level 15 in Shields
 17852 | D:9      | Found Efozat's General Store.
 17873 | D:9      | Bought a potion of heal wounds for 60 gold pieces
 17984 | D:9      | Found a staircase to the Orcish Mines.
 18463 | D:10     | Entered Level 10 of the Dungeon
 18532 | D:10     | Reached XP level 15. HP: 117/117 MP: 15/15
 18550 | D:10     | Noticed Urug
 18569 | D:10     | Killed Urug
 18926 | D:10     | Found an ancient bone altar of Kikubaaqudgha.
 19676 | D:11     | Noticed Maurice
 19715 | D:11     | Killed Maurice
 19921 | D:12     | Found a gate leading to a gauntlet.
 19938 | Gauntlet | Entered a Gauntlet
 19938 | Gauntlet | Found a transporter.
 19947 | Gauntlet | Found a transporter.
 19962 | Gauntlet | Found a transporter.
 19970 | Gauntlet | Found a transporter.
 19995 | Gauntlet | Found a transporter.
 20004 | Gauntlet | Found a transporter.
 20013 | Gauntlet | Noticed a cacodemon
 20016 | Gauntlet | Found a transporter.
 20028 | Gauntlet | Found a transporter.
 20040 | Gauntlet | Found a transporter.
 20052 | Gauntlet | Found a transporter.
 20069 | Gauntlet | Found a transporter.
 20086 | Gauntlet | Found a transporter.
 20088 | Gauntlet | Found a transporter.
 20117 | Gauntlet | Found a transporter.
 20119 | Gauntlet | Found a transporter.
 20121 | Gauntlet | Found a transporter.
 20149 | Gauntlet | Found a transporter.
 20151 | Gauntlet | Found a transporter.
 20428 | Gauntlet | Gained mutation: You sometimes lose the ability to read
                  | scrolls when taking damage. [a cacodemon]
 20443 | Gauntlet | Gained mutation: You are dopey. (Int -2) [a cacodemon]
 20447 | Gauntlet | Gained mutation: Your magical capacity is low. (-10% MP) [a
                  | cacodemon]
 20449 | Gauntlet | Gained mutation: You are weak. (Str -2) [a cacodemon]
 20456 | Gauntlet | Killed a cacodemon
 20457 | Gauntlet | Reached skill level 16 in Axes
 20467 | Gauntlet | Identified the -7 pair of gloves of Oruirait {Will+ Int+6
                  | Dex-2}
 20467 | Gauntlet | Noticed a fenstrider witch
 20467 | Gauntlet | Noticed a frost giant
 20467 | Gauntlet | a fenstrider witch changed into a frost giant
 20468 | Gauntlet | Noticed a quicksilver dragon
 20468 | Gauntlet | a frost giant changed into a quicksilver dragon
 22422 | Orc:1    | Entered Level 1 of the Orcish Mines
 22533 | Orc:1    | Found a bloodstained altar of Trog.
 22533 | Orc:1    | Found the necklace of Bloodlust {*Rage +Rage Will++ Int-3
                  | Slay+6}
 22533 | Orc:1    | Found the +5 sword of Power {vorpal}
 23224 | Orc:1    | Found a transporter.
 23259 | Orc:2    | Entered Level 2 of the Orcish Mines
 23477 | Orc:2    | Found a staircase to the Elven Halls.
 24778 | Orc:2    | Reached XP level 16. HP: 87/122 MP: 14/14
 24863 | Orc:2    | Found Jaicru's Armour Shoppe.
 24867 | Orc:2    | Found Ruzag Ome's Distillery.
 24873 | Orc:2    | Found Luase's Magic Scroll Shop.
 24875 | Orc:2    | Found Liedoymui's Distillery.
 25156 | Orc:2    | Bought a potion of heal wounds for 60 gold pieces
 25156 | Orc:2    | Bought a potion of heal wounds for 60 gold pieces
 25170 | Orc:2    | Bought a potion of heal wounds for 80 gold pieces
 25170 | Orc:2    | Bought a potion of heal wounds for 80 gold pieces
 25170 | Orc:2    | Bought a potion of heal wounds for 80 gold pieces
 25170 | Orc:2    | Bought a potion of might for 64 gold pieces
 25374 | D:13     | Identified the +3 trident "Giant's Funeral" {chaos, rPois}
 25410 | D:13     | Identified a scroll of acquirement
 26196 | Orc:1    | You fall into a shaft and drop 1 floor!
 26298 | Orc:1    | Found a transporter.
 26303 | Orc:1    | Found a runed translucent door.
 26321 | Orc:1    | Mangled by an ettin

Illustrated notes

Levels and vault maps discovered:
D:1:      dpeg_arrival_boxes_within_box, layout_rooms, serial_glass,
          glass_columns_c, glass_columns_a, grunt_decor_one_mirror
D:2:      layout_rooms, nrook_loot_triangle, lightli_corner_chamber, uniq_robin,
          uniq_natasha
D:3:      layout_loops_ring, mainiacjoe_overflow_small_starburst,
          mainiacjoe_overflow_catwalk, nicolae_hepliaklqana_hippocampus,
          hellmonk_ecumenical_altar_blasted, corexii_shack,
          kennysheep_generic_room_16
D:4:      layout_loops_ring, mainiacjoe_overflow_chevrons, uniq_blork_the_orc,
          uniq_sigmund, uniq_ijyb
D:5:      layout_rooms, jmf_multi_god_temple2, temple_hall, uniq_menkaure
D:6:      layout_rooms, nicolae_gozag_conspicuous_consumption,
          mainiacjoe_overflow_tiny_flanked, trog_hazing_becter
D:7:      layout_cave_pools, makhleb_altar_promises_db,
          minmay_misc_feat_secret_circle
D:8:      layout_loops_cross, dpeg_oklobed_lair, minmay_misc_feat_iff
D:9:      layout_basic, orc_0_dummy, serial_shops, shop, minmay_diced_spiral
D:10:     layout_loops_ring, amcnicky_altar_gilded,
          hangedman_abyss_or_decor_clamps, uniq_urug
D:11:     layout_big_octagon, uniq_maurice
D:12:     layout_loops_ring, gauntlet_entry_generic, grunt_ministairs_13
D:13:     evilmike_library_of_no_secrets, layout_rooms, lemuel_flame_loot_1
Lair:1:   layout_hall_layers, ebering_ghost_xom
Lair:2:   layout_big_grid, minmay_swamp_entry_reptiles, grunt_megastairs_5
Lair:3:   layout_gridlike, minivault_24, grunt_megastairs_4
Lair:4:   layout_regular_city, nicolae_spider_entry_tight_spaces,
          gammafunk_ghost_wrathful_warriors, portal_ice_cave_entry_pillars_1
Lair:5:   layout_cave_shapes, basic_altar
Lair:6:   evilmike_catoblepas_cave, layout_gridlike,
          dpeg_slime_entry_enclosed_altar, lemuel_fruit_tree,
          infiniplex_staircase_pool, uniq_sonja
Orc:1:    emtedronai_trogs_sanctum, layout_caves
Orc:2:    st_orc_elflike, layout_diamond_mine

Skill      XL: |  1  2  3  4  5  6  7  8  9 10 11 12 13 14 15 |
---------------+----------------------------------------------+-----
Axes           | 3 4 5 6 7 8 9 10 12 13 14 15 16 | 16.9
Shields        | 4 5 7 9 11 12 13 15 | 15.4
Dodging        | 1 2 3 4 5 6 |  6.0
Fighting       | 4 5 6 7 8 9 10 12 | 12.5
Armour         | 4 5 6 7 8 9 10 11 | 11.9

Action                   |  1- 3 |  4- 6 |  7- 9 | 10-12 | 13-15 | 16-18 || total
-------------------------+-------+-------+-------+-------+-------+-------++-------
Melee: War axe           |    88 |    96 |   210 |   578 |   271 |       ||  1243
       Hand axe          |       |    71 |       |    18 |    18 |       ||   107
       Battleaxe         |       |       |       |       |   991 |   104 ||  1095
Invok: Lunge             |       |     5 |    11 |    15 |    62 |     4 ||    97
       Whirlwind         |       |       |     1 |     4 |    15 |       ||    20
       Serpent's Lash    |       |       |       |     1 |       |       ||     1
 Abil: Dig               |     1 |     9 |     7 |    22 |    28 |     4 ||    71
       Shaft Self        |       |       |       |       |       |     2 ||     2
Evoke: Wand              |       |       |     1 |       |       |       ||     1
  Use: Scroll            |       |     8 |     7 |     5 |     5 |     3 ||    28
 Stab: Distracted        |     1 |       |       |     1 |       |       ||     2
Armor: Scale mail        |    39 |    21 |     6 |       |       |       ||    66
       Plate armour      |       |       |    34 |   114 |       |       ||   148
       Crystal plate arm |       |       |       |    16 |   292 |    23 ||   331
Dodge: Dodged            |    24 |    39 |    35 |    63 |   169 |    28 ||   358
Block: Kite shield       |    54 |   113 |    45 |    57 |       |       ||   269
       Reflection        |       |     3 |    11 |     9 |     3 |       ||    26
       Tower shield      |       |       |   144 |   472 |  1064 |   105 ||  1785
